 Dungeon Crawl Stone Soup version 0.20.0-10-g0535bb4 (console) character file.

180 Cruella the Conjurer (level 5, -3/38 HPs)
             Began as a Draconian Air Elementalist on June 6, 2017.
             Was an Initiate of Vehumet.
             Killed by nerve-wracking pain
             ... invoked by Grinder
              (5 damage)
             ... while paralysed by Grinder
             ... on level 4 of the Dungeon.
             The game lasted 00:17:02 (2440 turns).

Cruella the Conjurer (Draconian Air Elementalist)   Turns: 2440, Time: 00:17:03

Health: -3/38      AC:  7    Str: 11    XL:     5   Next: 33%
Magic:  8/8        EV:  2    Int: 16    God:    Vehumet [......]
Gold:   6          SH:  0    Dex:  8    Spells: 2/8 levels left

rFire    . . .     SeeInvis .   t - +0 spear
rCold    + . .     Gourm    .   p - +0 buckler
rNeg     . . .     Faith    .   (armour unavailable)
rPois    .         Spirit   .   (helmet restricted)
rElec    .         Reflect  .   E - +0 cloak
rCorr    .         Harm     .   D - +0 pair of gloves
MR       .....                  (no boots)
Stlth    ++........             s - amulet of rage
Regen    0.2/turn               r - ring of protection from cold
MPRegen  0.2/turn               w - -3 ring of dexterity (curse)

@: paralysed, flying, very slightly contaminated
A: unfitting armour, cold-blooded, AC +5
a: Renounce Religion, Evoke Berserk Rage


You were on level 4 of the Dungeon.
You worshipped Vehumet.
Vehumet was noncommittal.
You were not hungry.

You visited 2 branches of the dungeon, and saw 5 of its levels.

You collected 114 gold pieces.
You spent 108 gold pieces at shops.

Inventory:

Hand Weapons
 g - a +0 dagger
 t - a +0 spear (weapon)
 y - a +0 trident
Missiles
 d - 114 stones
 f - 12 poisoned needles
 q - 60 arrows
 u - 2 tomahawks (quivered)
Armour
 p - a +0 buckler (worn)
 A - a +0 helmet
 D - a +0 pair of gloves (worn)
 E - a +0 cloak (worn)
Jewellery
 r - a ring of protection from cold (left hand)
 s - an amulet of rage (around neck)
 v - an uncursed ring of protection from cold
 w - a cursed -3 ring of dexterity (right hand)
Scrolls
 c - a scroll of magic mapping
 e - a scroll of immolation {unknown}
 h - a scroll of identify
 i - a scroll of fog {unknown}
 l - a scroll of remove curse {unknown}
 m - a scroll of recharging {unknown}
 n - a scroll of fear {unknown}
Potions
 j - 3 potions of curing
 C - a potion of berserk rage {unknown}
Books
 a - a book of Air

   Spells                             Type                      Level
   a - Shock                          Conjuration/Air              1
   b - Swiftness                      Charms/Air                   2
   c - Static Discharge               Conjuration/Air              3
   d - Airstrike                      Air                          4
   e - Lightning Bolt                 Conjuration/Air              5
Comestibles
 b - 5 bread rations
 k - 2 meat rations
 x - 3 fruits
 z - a chunk of flesh


   Skills:
 - Level 1.7 Dodging
 - Level 1.7 Stealth
 + Level 3.2 Shields
 - Level 2.0 Spellcasting
 - Level 4.0 Conjurations
 - Level 3.0 Air Magic


You had 2 spell levels left.
You knew the following spells:

 Your Spells              Type           Power        Failure   Level  Hunger
a - Shock                 Conj/Air       ##..         5%          1    #......
b - Static Discharge      Conj/Air       ##......     16%         3    ###....
c - Swiftness             Chrm/Air       #.......     19%         2    ###....


Dungeon Overview and Level Annotations

Branches:
Dungeon (4/15)             Temple (1/1) D:4

Altars:
Dithmenos
Fedhas
Gozag
Hepliaklqana
Kikubaaqudgha
Makhleb
Qazlal
Sif Muna
Uskayaw
Vehumet
Lugonu

Shops:
D:4 [

Annotations:
D:3 Ijyb
D:4 Grinder


Innate Abilities, Weirdness & Mutations

Your plain brown scales are hard. (AC +5)
You cannot fit into any form of body armour.
You are cold-blooded and may be slowed by cold attacks.


Message History

You writhe in agony.
* * * LOW HITPOINT WARNING * * *
You can move again.
You feel better. Grinder barely misses you.
It was a potion of flight.
You feel very buoyant.
You fly up into the air.
Grinder hits you but does no damage.
It was a potion of magic.
Magic courses through your body. Grinder gestures at you.
You suddenly lose the ability to move!
Grinder hits you.
* * * LOW HITPOINT WARNING * * *
You writhe in agony.
* * * LOW HITPOINT WARNING * * *
Grinder hits you.
* * * LOW HITPOINT WARNING * * *
Grinder completely misses you. Grinder gestures at you.
Pain shoots through your body!
You die...

#######.....# *#.#......#.## #.#
#.....#.....# #.........#..# #.#
#.♣.♣.#.....# #............# #.#
#..∩..'.#.###*#......#.#...###.#
#.♣.♣.###...,.......#.#.#...##.#
#.....# ##########.#.#.#.#..##.##
####### #########(.#.>.#...##.#.
.....#####.......5.#.#.#.#...#.#.
................@...#.#.#....#.#.
.....#####..(........#.#...#.#.#.
.....# #...................#.#.
###### #..........#####......#.
#.........## #####..##
#.........# #.>.. ###########
###.. ###


You could see Grinder.

Vanquished Creatures
  A hound (D:4)
  An orc wizard (D:4)
  5 adders
  An ooze (D:1)
  2 dart slugs
  3 leopard geckos
  5 orcs
  6 bats
  2 giant cockroaches
  4 goblins
  6 hobgoblins
  7 jackals (D:4)
  7 kobolds
  A quokka (D:2)
  5 frilled lizards
  3 rats
59 creatures vanquished.

Notes
Turn   | Place    | Note
-------+----------+-------------------------------------------
     0 | D:1      | Cruella the Draconian Air Elementalist began the quest for the Orb.
     0 | D:1      | Reached XP level 1. HP: 14/14 MP: 3/3
   199 | D:1      | Reached skill level 2 in Conjurations
   294 | D:1      | Reached XP level 2. HP: 20/20 MP: 5/5
   662 | D:2      | Reached skill level 3 in Conjurations
   662 | D:2      | Reached XP level 3. HP: 26/26 MP: 4/6
   670 | D:2      | Learned a level 3 spell: Static Discharge
   673 | D:2      | Learned a level 2 spell: Swiftness
  1326 | D:2      | Found a blossoming altar of Fedhas.
  1459 | D:2      | Reached skill level 4 in Conjurations
  1459 | D:2      | Reached XP level 4. HP: 33/33 MP: 4/7
  1603 | D:3      | Noticed Grinder
  1603 | D:3      | Noticed Ijyb
  1632 | D:3      | Found a hazy altar of Hepliaklqana.
  1782 | D:3      | Reached skill level 1 in Shields
  1935 | D:4      | Found a staircase to the Ecumenical Temple.
  1940 | Temple   | Entered the Ecumenical Temple
  1955 | Temple   | Became a worshipper of Vehumet
  2122 | D:4      | Reached XP level 5. HP: 36/38 MP: 6/8
  2322 | D:4      | Found Yghuyl's Armour Emporium.
  2333 | D:4      | Bought a +0 pair of gloves for 54 gold pieces
  2333 | D:4      | Bought a +0 cloak for 54 gold pieces
  2431 | D:4      | Paralysed by Grinder for 3 turns
  2436 | D:4      | Paralysed by Grinder for 6 turns
  2440 | D:4      | Killed from afar by Grinder

Skill      XL: |  1  2  3  4  5 |
---------------+----------------+-----
Conjurations   | 2 3 4 |  4.0
Shields        | 2 3 |  3.2
Dodging        | |  1.7
Stealth        | |  1.7
Spellcasting   | |  2.0
Air Magic      | |  3.0

Action                   |  1- 3 |  4- 6 || total
-------------------------+-------+-------++-------
Melee: Dagger            |    33 |       ||    33
       Tailslap          |     2 |     3 ||     5
       Spear             |     7 |    46 ||    53
Throw: Tomahawk          |     7 |     8 ||    15
 Cast: Shock             |    27 |    27 ||    54
       Static Discharge  |       |     1 ||     1
  Use: Potion            |       |     3 ||     3
       Scroll            |       |     2 ||     2
 Stab: Sleeping          |     5 |       ||     5
  Eat: Chunk             |     2 |     4 ||     6
Armor: Skin              |    35 |    32 ||    67
Dodge: Dodged            |    53 |    35 ||    88
Block: Buckler           |    17 |    21 ||    38
